 Dungeon Crawl Stone Soup version 0.28.0-43-g3370ac3207 (webtiles) character file.

Game seed: 10070365637063120873

39 Eitelfritz the Cudgeller (level 3, -4/30 HPs)
             Began as a Minotaur Gladiator on Mar 13, 2022.
             Slain by a scorpion (7 damage)
             ... on level 2 of the Dungeon.
             The game lasted 00:01:41 (1433 turns).

Eitelfritz the Cudgeller (Minotaur Gladiator)       Turns: 1433, Time: 00:01:41

Health: -4/30      AC:  3    Str: 18    XL:     3   Next: 26%
Magic:  2/2        EV: 12    Int:  7    God:
Gold:   59         SH:  0    Dex: 11    Spells: 2/2 levels left

rFire   . . .      SeeInvis .   a - +0 flail
rCold   . . .      Faith    .   (no shield)
rNeg    . . .      Spirit   .   b - +0 leather armour
rPois   .          Reflect  .   c - +0 hat
rElec   .          Harm     .   (no cloak)
rCorr   .          Rampage  .   (no gloves)
Will    .....                   (no boots)
Stlth   +.........              (no amulet)
HPRegen 0.10/turn               (no ring)
MPRegen 0.08/turn               (no ring)

@: lethally poisoned (-4 -> -17), attractive
A: horns 2, retaliatory headbutt
a: no special abilities


You were on level 2 of the Dungeon.
You visited 1 branch of the dungeon, and saw 2 of its levels.

You collected 59 gold pieces.

Inventory:

Hand Weapons
 a - a +0 flail (weapon)
Missiles
 d - 3 throwing nets (quivered)
Armour
 b - a +0 leather armour (worn)
 c - a +0 hat (worn)
Scrolls
 e - a scroll of identify {unknown}
 g - 2 scrolls of teleportation {unknown}
 j - 2 scrolls of brand weapon {unknown}
Potions
 f - a potion of heal wounds {unknown}
 h - 2 potions of attraction
 i - 2 potions of brilliance {unknown}


   Skills:
 + Level 2.6 Fighting
 + Level 4.1 Maces & Flails
 + Level 2.1 Throwing
 + Level 0.8 Armour
 + Level 4.1 Dodging


You had 2 spell levels left.
You didn't know any spells.
Your spell library contained the following spells:

 Spells                   Type           Power      Damage    Failure   Level
 Fireball                 Conj/Fire      0%         3d3       100%        5
 Starburst                Conj/Fire      0%         6d3       100%        6
 Ignition                 Fire           0%         3d3       100%        8


Dungeon Overview and Level Annotations

Branches:
Dungeon (2/15)

Altars:
Gozag


Innate Abilities, Weirdness & Mutations

You have a pair of horns on your head.
You reflexively headbutt those who attack you in melee.


Message History

The adder bites you but does no damage.
You completely miss the adder. The adder closely misses you.
You furiously retaliate!
You headbutt the adder, but do no damage.
The adder bites you.
You completely miss the adder. The adder bites you but does no damage.
You barely miss the adder. Your headbutt misses the adder.
The adder barely misses you. The adder misses you.
You barely miss the adder. You headbutt the adder.
The adder is moderately wounded.
The adder barely misses you. x2
You sock the adder!
You kill the adder!
Your Dodging skill increases to level 4!
You see here an adder corpse.
j - 2 scrolls labelled ARUNEE UFEFY (gained 1)
A scorpion comes into view.
Found a stone staircase leading down.
You closely miss the scorpion. The scorpion barely misses you.
You hit the scorpion.
The scorpion is lightly wounded.
The scorpion stings you but does no damage.
You hit the scorpion but do no damage. Your headbutt misses the scorpion.
The scorpion is lightly wounded.
The scorpion stings you! The scorpion stings you.
You are poisoned.
The scorpion poisons you!
You sock the scorpion!
The scorpion is heavily wounded.
You feel very sick. The scorpion stings you!
* * * LOW HITPOINT WARNING * * *
You are more poisoned.
The scorpion poisons you!
It was a potion of attraction.
You feel attractive to monsters.
* * * LOW HITPOINT WARNING * * *
You feel very sick. The scorpion stings you!
You die...

####.# #..#.#######
#..#.#.#...#
#..#.#...#.#
#....#####.####
##.......#....#
#######.####.# ..
####s####.# #.
#..@.##...# #.
#.#####.###
#.##.......#
#.####..####
#....#..#
##.##.#..# ###
..#.†.#..#
..########.#.#....#
...........#.#.##.#


You could see a scorpion.

Vanquished Creatures
  An adder (D:2)
  A dart slug (D:1)
  2 bats (D:1)
  5 endoplasms (D:1)
  A giant cockroach (D:1)
  2 hobgoblins
  3 kobolds
  3 quokkas (D:1)
  A ball python (D:2)
  3 frilled lizards (D:1)
  5 rats (D:1)
27 creatures vanquished.

Notes
Turn   | Place    | Note
-------+----------+-------------------------------------------
     0 | D:1      | Eitelfritz the Minotaur Gladiator began the quest for the
                  | Orb.
     0 | D:1      | Reached XP level 1. HP: 18/18 MP: 0/0
   139 | D:1      | Found a faded altar of an unknown god.
   233 | D:1      | Reached XP level 2. HP: 18/25 MP: 1/1
  1045 | D:1      | Reached XP level 3. HP: 8/30 MP: 2/2
  1283 | D:2      | Found an opulent altar of Gozag.
  1418 | D:2      | Noticed a scorpion
  1433 | D:2      | Slain by a scorpion

Illustrated notes

Levels and vault maps discovered:
D:1:      amcnicky_arrival_choice, layout_basic,
          chequers_ecumenical_altar_simple_redux
D:2:      layout_basic, basic_altar

Skill      XL: |  1  2  3 |
---------------+----------+-----
Maces & Flails | 4 |  4.1
Dodging        | 4 |  4.1
Fighting       | |  2.6
Throwing       | |  2.1
Armour         | |  0.8

Action                   || total
-------------------------++-------
Melee: Flail             ||    59
       Headbutt          ||     8
  Use: Potion            ||     1
Armor: Leather armour    ||    13
Dodge: Dodged            ||    35
